[Event "Early-Titled-Tuesday-Blitz-May-07-2024"]
[Site "Chess.com"]
[Date "2024.05.07"]
[Round "11"]
[White "miaou33"]
[Black "Naruto75_3"]
[Result "0-1"]
[WhiteElo "2550"]
[BlackElo "2438"]
[TimeControl "180+1"]
[EndTime "10:16:07 PDT"]
[Termination "Naruto75_3 won by resignation"]

1. e4 c5 2. Nf3 d6 3. d4 cxd4 4. Nxd4 Nf6 5. Nc3 a6 6. Be2 e5 7. Nf3 Be7 8. a4 O-O 9. Nd2 Be6 10. Nf1 Nbd7 11. Ne3 Rc8 12. Ned5 Bxd5 13. exd5 Ne8 14. O-O f5 15. Kh1 Nef6 16. a5 Kh8 17. f4 e4 18. Be3 Qe8 19. Qd2 Qf7 20. Rfd1 Rg8 21.
b4 h6 22. Na4 Kh7 23. c4 Ne8 24. Nb6 Nxb6 25. Bxb6 g5 26. Rac1 gxf4 27. Qxf4 Bg5 28. Qf2 Bxc1 29. Rxc1 Qg6 30. g3 Ng7 31. Rf1 Rgf8 32.
Qe3 Nh5 33. c5 Nf6 34. Qd4 Nd7 35. c6 bxc6 36. Bxa6 c5 37. Qe3 Ra8 38. Bb7 Rab8 39. bxc5 dxc5 40. Bc6 Nxb6 41. axb6 Qd6 42. b7 Rf7 43.
Rc1 Rc7 44. Qxc5 Qxc5 45. Rxc5 Rbxb7 46. Bxb7 Rxc5 47. Bc6 e3 48. Kg2 Kg6 49. Kf3 Kf6 50.
Kxe3 Ke5 51. Kf3 Rc2 52. h3 Rc3+ 53. Kf2 Rc2+ 54. Kf3 Rc5 55. g4 Rc3+ 56. Kg2 f4 57. h4 Rg3+ 58. Kf2 Rxg4 59. h5 Rg5 60. Be8 Kxd5 61.
Kf3 Ke5 62. Bg6 Rg3+ 63. Kf2 Ra3 64. Ke2 f3+ 65. Kf2 Kf4 66. Bf7 Rd3 67. Be8 Rd2+ 68. Ke1 Ke3 69. Ba4 f2+ 70. Kf1 Ra2 71. Bd1 Ra1 72. Kg2 Rxd1 73. Kh2 f1=Q 74. Kg3 Qf3+ 0-1

[Event "Early-Titled-Tuesday-Blitz-May-07-2024"]
[Site "Chess.com"]
[Date "2024.05.07"]
[Round "11"]
[White "ChainedDowntohell"]
[Black "ValentinDragnev"]
[Result "0-1"]
[WhiteElo "2592"]
[BlackElo "2730"]
[TimeControl "180+1"]
[EndTime "10:16:10 PDT"]
[Termination "ValentinDragnev won on time"]

1. d4 d5 2. Nf3 c6 3. e3 Nf6 4. c4 Bg4 5. h3 Bxf3 6. Qxf3 Nbd7 7. Nc3 e6 8. Bd2 Bb4 9. Bd3 O-O 10. O-O dxc4 11. Bxc4 e5 12. Rae1 exd4 13. exd4 Nb6 14. Bb3 Qxd4 15. Bf4 Rfe8 16. Rxe8+ Rxe8 17. Rd1 Qc5 18. Bd6 Qa5 19. Bc7 Bxc3 20. bxc3 h6 21. g4 Qc5 22. Bd6 Qb5 23. Kg2 a5 24. Rb1 Qa6 25. Bc2 Nc4 26. Rd1 Nxd6 27. Rxd6 Qc4 28. Bb3 Qc5 29. Rd7 Rf8 30. Rxb7 Nd5 31. h4 a4 32. Bxa4 Nxc3 33. Bxc6 Qd4 34. a3 Qd2 35. a4 Qd4 36. a5 Qc5 37. a6 Nd1 38. a7 Nxf2 39.
Qxf2 Qxc6+ 40. Qf3 Qc5 41. Kg3 Qc2 42. Kh3 Qc5 43. Kg3 Qc1 44. Kh3 Qc5 45. Kg2 Qd6 46. Kh3 Qd2 47. Kg3 Qd6+ 48. Kg2 Qa6 49. Kg3 Qa2 50. h5 Qa4 51. Qd5 Qa3+ 52. Kf4 Qa4+ 53. Kf3 Qa3+ 54. Kg2 Qa6 55. Rd7 Qe2+ 56. Kg3 Qe3+ 57.
Qf3 Qe1+ 58. Kh3 Qa1 59. a8=Q Qxa8 60. Qxa8 Rxa8 61. Kg3 Ra3+ 62. Kf4 Ra4+ 63. Kf3 Ra8 64. Rc7 Rf8 65. Kg3 Kh7 66. Rb7 f5 67. gxf5 Rxf5 68. Kg4 Rg5+ 69. Kh4 Kg8 70. Ra7 Kf8 71. Rb7 Rf5 72.
Ra7 Rf4+ 73. Kg3 Rf7 74. Kg4 Rxa7 0-1

[Event "Early-Titled-Tuesday-Blitz-May-07-2024"]
[Site "Chess.com"]
[Date "2024.05.07"]
[Round "11"]
[White "LeoLV10"]
[Black "GMKrikor"]
[Result "0-1"]
[WhiteElo "2511"]
[BlackElo "2826"]
[TimeControl "180+1"]
[EndTime "10:16:12 PDT"]
[Termination "GMKrikor won by resignation"]

1. e4 c5 2. Nf3 Nc6 3. Bb5 Nf6 4. Nc3 Qc7 5. O-O Nd4 6. Re1 a6 7. Bf1 Ng4 8. g3 Nxf3+ 9. Qxf3 Ne5 10. Qd1 e6 11.
Bg2 d6 12. Ne2 Be7 13. d4 cxd4 14. Nxd4 O-O 15. c3 b6 16. Rb1 Bb7 17. f4 Nd7 18. Be3 Rac8 19. Qd2 Rfe8 20. Bf2 Bf8 21. Rbd1 g6 22.
Nc2 e5 23. f5 Nf6 24. Qg5 h6 25. Qe3 b5 26. fxg6 fxg6 27. Qd2 Rcd8 28. Nb4 h5 29. h3 Kh7 30. Nd5 Bxd5 31. exd5 Bh6 32. Qd3 h4 33.
gxh4 Nh5 34. Kh1 Rf8 35. Be3 Bxe3 36. Qxe3 Nf4 37. Rg1 Qe7 38. Be4 Qxh4 39. Rg3 Rf6 40. Rdg1 Qh6 41. Kh2 Rdf8 42. Qe1 Kh8 43. Qc1 Qh4 44.
Qe1 Ne2 45. Rg4 Qxe1 46. Rxe1 Nf4 47. Bg2 Kg7 48. Rg3 Kh6 49. Ree3 Nh5 50. Rg4 Rf2 51.
Kg1 Rxb2 52. Be4 Nf4 53. Rh4+ Kg7 54. Rg4 Rf6 55. Reg3 Ne2+ 56. Kh2 Nxg3+ 57. Kxg3 Rxa2 58. h4 Ra3 59. h5 Rxc3+ 60. Kh4 Rc4 61. hxg6 a5 62. Kg5 Rxe4 63. Rxe4 Rxg6+ 64. Kf5 Rf6+ 65. Kg5 Rf4 66. Re2 Rd4 67. Rc2 Rxd5 68. Rc7+ Kf8 69. Kf6 Kg8 70. Kg6 Rc5 71. Rd7 Kf8 72. Rxd6 Ke7 73.
Ra6 b4 74. Kf5 Rb5 75. Ke4 b3 76.
Ra7+ Kd6 77. Ra6+ Kc5 78. Rh6 b2 79. Rh1 b1=Q+ 80. Rxb1 Rxb1 81. Kxe5 0-1

[Event "Early-Titled-Tuesday-Blitz-May-07-2024"]
[Site "Chess.com"]
[Date "2024.05.07"]
[Round "11"]
[White "Rosh1610"]
[Black "mbojan"]
[Result "0-1"]
[WhiteElo "2519"]
[BlackElo "2890"]
[TimeControl "180+1"]
[EndTime "10:16:18 PDT"]
[Termination "mbojan won by checkmate"]

1. e4 a6 2. d4 e6 3. Nc3 d5 4. Nf3 Bb4 5. exd5 exd5 6. Bd3 Ne7 7. O-O Nbc6 8. a3 Bxc3 9. bxc3 O-O 10. Bf4 Bf5 11.
Re1 Qd7 12. Ne5 Nxe5 13. Rxe5 Bxd3 14. cxd3 Ng6 15. Bg3 Nxe5 16. Bxe5 f6 17. Bg3 Rfe8 18. Qd2 Re6 19. f3 Rae8 20. c4 c6 21. c5 Re2 22.
Qc3 h5 23. h4 g5 24. Rb1 g4 25. Rf1 gxf3 26. Rxf3 R2e3 27. Kf2 Rxf3+ 28. gxf3 Qe7 29. Qd2 Kh7 30. a4 Qg7 31. a5 Qh6 32. Qxh6+ Kxh6 33. Bd6 Kg6 34. Bg3 Kf5 35. Bd6 Ke6 36. Bg3 Kd7 37.
Bd6 Re6 38. Bg3 Kc8 39. Bf4 Re8 40. Bg3 Kd7 41. Bf4 Re6 42. Be3 Ke8 43. Bf4 Kf7 44. Be3 f5 45. Bf4 Ke8 46. Be5 Kd7 47. Kg3 Rg6+ 48.
Kf2 Kc8 49. Bf4 Rg8 50. Bg5 Rf8 51. Be7 Rf7 52. Bd6 f4 53. Be5 Kd7 54. Bb8 Ke6 55. Be5 Kf5 56. Kg2 Rf8 57. Kf2 Rg8 58. Bd6 Rg3 59.
Be7 Ke6 60. Bg5 Kd7 61. Bxf4 Rh3 62. Bg3 Rh1 63. Ke2 Ke6 64. Be1 Kf5 65. Bd2 Rxh4 66. Be3 Rh2+ 67. Ke1 Ra2 68. Bd2 h4 69. Be3 Rxa5 70.
Bg1 Kf4 71. Kf2 Ra2+ 72. Kf1 Kxf3 73. Bf2 Rxf2+ 74. Kg1 Re2 75. Kh1 Ke3 76. Kg1 Kxd3 77. Kh1 Kxd4 78. Kg1 Kxc5 79. Kh1 d4 80. Kg1 d3 81. Kh1 b6 82. Kg1 Kd6 83. Kh1 Kd7 84.
Kg1 Ke7 85. Kh1 c5 86. Kg1 b5 87. Kh1 a5 88. Kg1 a4 89. Kh1 b4 90. Kg1 c4 91.
Kh1 b3 92. Kg1 c3 93. Kh1 a3 94. Kg1 a2 95. Kh1 b2 96. Kg1 c2 97. Kh1 Kd6 98.
Kg1 Kd5 99. Kh1 Kd4 100. Kg1 Ke3 101. Kh1 d2 102. Kg1 a1=N 103. Kh1 b1=N 104. Kg1 c1=N 105. Kh1 d1=N 106. Kg1 Ndc3 107. Kh1 Ncb3 108. Kg1 Na3 109. Kh1 N1c2 110. Kg1 Nb4 111. Kh1 Nc4 112. Kg1 Nb5 113. Kf1 Nba5 114. Kg1 Nb6 115. Kh1 Nbc6 116. Kg1 Nba7 117. Kf1 Nb7 118. Kg1 Nb8 119. Kh1 Na8 120. Kg1 Kf3 121. Kh1 Rf2 122. Kg1 Kg3 123. Kh1 Rh2+ 124. Kg1 h3 125. Kf1 Rg2 126. Ke1 h2 127. Kd1 h1=N 128. Kc1 Kf3 129. Kb1 Ng3 130. Ka1 Nf5 131. Kb1 Nfd6 132. Ka1 Ndc8 133. Kb1 Rg7 134. Ka1 Rc7 135. Kb1 Ke4 136. Ka1 Kd5 137. Kb1 Kd6 138. Ka1 Kd7 139. Kb1 Kd8 140. Ka1 Kd7 141. Kb1 Rc6 142. Ka1 Rb6 143. Ka2 Kc6 144. Ka1 Kc5 145. Ka2 Kc4 146. Ka1 Kc3 147. Ka2 Ncd6 148. Ka1 Nbc6 149. Ka2 Nc7 150. Ka1 Rb3 151. Ka2 Nab5 152. Ka1 Na6 153. Ka2 Nbc5 154. Ka1 Nc4 155. Ka2 Ncd4 156. Ka1 Nd3 157. Ka2 Ne2 158. Ka1 Kd2 159. Ka2 Kc2 160. Ka1 Rb4 161. Ka2 Ra4# 0-1

[Event "Early-Titled-Tuesday-Blitz-May-07-2024"]
[Site "Chess.com"]
[Date "2024.05.07"]
[Round "11"]
[White "kacperkarwowski"]
[Black "Supergiuly"]
[Result "0-1"]
[WhiteElo "2488"]
[BlackElo "2362"]
[TimeControl "180+1"]
[EndTime "10:16:33 PDT"]
[Termination "Supergiuly won by checkmate"]

1. e3 e5 2. Nc3 f5 3. h4 Nf6 4. h5 d5 5. d4 e4 6. Nge2 Bd6 7. Nf4 Bxf4 8. exf4 O-O 9. Qe2 c5 10. dxc5 d4 11.
Nb5 Nc6 12. Qc4+ Kh8 13. Nd6 Ng4 14. Nf7+ Rxf7 15. Qxf7 e3 16. h6 exf2+ 17. Kd1 Nxh6 18. Rxh6 gxh6 19. b4 Nxb4 20. Bb2 Nc6 21. Bd3 Bd7 22. Ke2 Qe8+ 23. Qxe8+ Rxe8+ 24. Kxf2 Nb4 25. Bxd4+ Kg8 26. Bc4+ Be6 27. Bxe6+ Rxe6 28. c3 Nc2 29. Rd1 Ra6 30. Be5 Rxa2 31. Kf3 Ra1 32. Rd8+ Kf7 33. Rd7+ Kg6 34.
Rg7+ Kh5 35. Rxh7 Rf1+ 36. Ke2 Rg1 37. Kf2 Rb1 38. Rf7 a5 39. Rxf5+ Kg6 40. g4 a4 41.
Rf6+ Kh7 42. Rf7+ Kg8 43. Rg7+ Kf8 44. Rh7 a3 45. Rxh6 a2 46. c4 Nb4 47. Rh8+ Kf7 48. Ke3 Nc2+ 49. Ke4 Re1+ 50. Kf5 Rxe5+ 51. fxe5 a1=Q 52.
Rh7+ Kg8 53. Rxb7 Qf1+ 54. Ke6 Qxc4+ 55. Kd6 Qd4+ 56. Kc6 Nb4+ 57. Kb5 Nd5 58. e6 Qd3+ 59. Kc6 Qa6+ 60. Rb6 Nxb6 61. cxb6 Qc8+ 62. Kd6 Qb8+ 63. Kd7 Kf8 64. e7+ Kf7 65. g5 Qe8+ 66. Kc7 Qxe7+ 67. Kc8 Qc5+ 68. Kb7 Qd5+ 69. Kc7 Qc5+ 70. Kb7 Kg6 71.
Ka6 Qa3+ 72. Kb7 Kxg5 73. Kb8 Kf5 74. b7 Ke6 75. Kc8 Qc5+ 76. Kd8 Qb6+ 77. Kc8 Qc6+ 78. Kb8 Kd7 79. Ka7 Qa4+ 80. Kb8 Kc6 81. Kc8 Qg4+ 82.
Kb8 Qg8+ 83. Ka7 Qa2+ 84. Kb8 Kb6 85. Kc8 Qg8+ 86. Kd7 Qf7+ 87. Kd8 Qxb7 88. Ke8 Kc6 89. Kd8 Kd6 90. Ke8 Qe7# 0-1

[Event "Early-Titled-Tuesday-Blitz-May-07-2024"]
[Site "Chess.com"]
[Date "2024.05.07"]
[Round "11"]
[White "mind1mover"]
[Black "juanchesst"]
[Result "1/2-1/2"]
[WhiteElo "2898"]
[BlackElo "2691"]
[TimeControl "180+1"]
[EndTime "10:16:52 PDT"]
[Termination "Game drawn - insufficient material"]

1. e4 c5 2. Nf3 Nc6 3. d4 cxd4 4. Nxd4 Nf6 5. Nc3 e5 6. Ndb5 d6 7. Bg5 a6 8. Na3 b5 9. Nab1 Be7 10. a4 b4 11.
Bxf6 Bxf6 12. Nd5 Rb8 13. Nd2 O-O 14. Nc4 Bg5 15. h4 Bh6 16. Bd3 Ne7 17. Nxe7+ Qxe7 18. a5 Be6 19. Nb6 Qb7 20. Qe2 f5 21. Bxa6 Qxe4 22. Qxe4 fxe4 23. Bc4 d5 24. Nxd5 Rfd8 25. Ne7+ Kf7 26.
Bxe6+ Kxe7 27. Bf5 e3 28. fxe3 Bxe3 29. Ke2 Bd4 30. a6 Rf8 31. Rhf1 Bxb2 32. Ra2 Bd4 33. Bxh7 Rxf1 34. Kxf1 Rf8+ 35. Ke1 Kd6 36. Be4 Rf7 37. Bb7 Ba7 38. Bf3 Kc5 39. Ra5+ Kd4 40. Rb5 Kc3 41.
Be4 Bf2+ 42. Ke2 Bd4 43. Bf3 Re7 44. g3 e4 45. Bg2 Ra7 46. Bxe4 Rxa6 47. Rb7 Re6 48.
Kf3 Rf6+ 49. Kg4 Kd2 50. Rd7 Ke3 51. Bd3 Bc3 52. Rxg7 Rd6 53. Re7+ Kd2 54. Rf7 b3 55. Rf2+ Ke1 56. Rf1+ Kd2 57. Rf2+ Ke1 58. Re2+ Kd1 59. cxb3 Rxd3 60. Re4 Be1 61. h5 Rxg3+ 62. Kf5 Rxb3 63. h6 Bc3 64. Kg6 Rb6+ 65. Kh5 Rb8 66. h7 Kc2 67. Rg4 Bb2 68. Rg8 Rb5+ 69. Kg6 Rb6+ 70. Kf5 Rb5+ 71. Kg4 Rb4+ 72. Kg3 Rb3+ 73. Kg4 Rb7 74. h8=Q Bxh8 75. Rxh8 Rb4+ 76. Kf3 Rd4 77. Ke3 Rd7 78. Rc8+ Kb3 79. Rb8+ Kc4 80. Rc8+ Kb3 81.
Rc1 Kb4 82. Ke4 Kb3 83. Rb1+ Kc2 84. Rb6 Kc3 85. Rc6+ Kb4 86. Rc8 Rd1 87. Ke3 Rd7 88. Re8 Kc5 89. Ke4 Kc6 90. Ke5 Rd1 91. Rc8+ Kb7 92. Rh8 Kb6 93. Rh6+ Kb5 94. Rh5 Kc4 95. Ke4 Re1+ 96. Kf3 Re7 97. Rh4+ Kd3 98. Ra4 Rf7+ 99. Kg3 Ke2 100. Ra2+ Ke3 101. Ra3+ Ke4 102. Rb3 Kd4 103. Rf3 Rxf3+ 104.
Kxf3 1/2-1/2

[Event "Early-Titled-Tuesday-Blitz-May-07-2024"]
[Site "Chess.com"]
[Date "2024.05.07"]
[Round "11"]
[White "MasterKroket"]
[Black "Aleksandar-Topalov"]
[Result "0-1"]
[WhiteElo "2506"]
[BlackElo "2423"]
[TimeControl "180+1"]
[EndTime "10:16:56 PDT"]
[Termination "Aleksandar-Topalov won on time"]

1. e4 e6 2. d4 d5 3. Nc3 Bb4 4. e5 Qd7 5. h4 h5 6. Nh3 b6 7. Nf4 g6 8. Nd3 Be7 9. b4 Ba6 10. a3 Bc4 11. Bg5 Nc6 12. Nf4 Bxf1 13. Kxf1 Nh6 14.
Rh3 Nf5 15. Nce2 Bxg5 16. hxg5 Qe7 17. g4 Ng7 18. gxh5 Nxh5 19. Nxh5 Rxh5 20. Rxh5 gxh5 21. f4 O-O-O 22. Qd3 Rh8 23. Ke1 Qd7 24. Kd2 Ne7 25. Ng3 h4 26. Rh1 Ng6 27. Ne2 Ne7 28. Rh3 Nf5 29. b5 Kb7 30. a4 c6 31.
Qb3 Rc8 32. c3 c5 33. Qa3 Qc7 34. dxc5 bxc5 35. a5 d4 36. c4 Ne3 37. Qa4 Rh8 38. a6+ Kb8 39. Ng1 Qa5+ 40. Qxa5 Nxc4+ 41. Kd3 Nxa5 42. Nf3 Kc7 43. Rxh4 Rxh4 44. Nxh4 Kb6 45. f5 Kxb5 46. fxe6 fxe6 47. g6 Nc6 48. Nf3 Ne7 49. g7 Kxa6 50. Kc4 Kb6 51. Ng5 a5 52. Nxe6 a4 53.
Nxc5 a3 54. Nb3 a2 55. Kxd4 Kb5 56. e6 Kb4 57. Na1 Ka3 58. Ke5 Kb2 59. Kf6 Ng8+ 60. Kf7 Kxa1 61. Kxg8 Kb2 62. e7 a1=Q 63. e8=Q Qa2+ 64.
Qf7 Qa8+ 65. Qf8 Qa2+ 66. Kh7 Qb1+ 67. Kh6 Qh1+ 68. Kg6 Qg2+ 69. Kf7 Qf3+ 70. Ke7 Qb7+ 71. Ke6 Qe4+ 72. Kf7 Qd5+ 73. Kg6 Qg2+ 74. Kh7 Qh3+ 75. Kg8 Qb3+ 76. Qf7 Qb8+ 77. Kh7 Qh2+ 78. Kg6 Qg3+ 79. Kf6 Qf3+ 80. Ke7 Qb7+ 81. Kf8 Qc8+ 82. Qe8 Qf5+ 83. Kg8 Qd5+ 84. Kh7 Qe4+ 85. Kh6 Qh4+ 86. Kg6 Qg4+ 87. Kf6 Qf4+ 88. Ke7 Qe5+ 89. Kf8 Qd6+ 90. Qe7 Qh6 91. Kf7 Qh5+ 92. Ke6 Qg6+ 93. Kd7 Qd3+ 94. Qd6 Qf5+ 95. Ke8 Qc8+ 96. Kf7 Qb7+ 0-1

[Event "Early-Titled-Tuesday-Blitz-May-07-2024"]
[Site "Chess.com"]
[Date "2024.05.07"]
[Round "11"]
[White "watermelonattackk"]
[Black "CruzWilliam"]
[Result "1/2-1/2"]
[WhiteElo "2557"]
[BlackElo "2417"]
[TimeControl "180+1"]
[EndTime "10:17:19 PDT"]
[Termination "Game drawn - insufficient material"]

1. b3 e5 2. Bb2 Nc6 3. e3 g6 4. d3 Bg7 5. Nd2 Nf6 6. g3 O-O 7. Bg2 d5 8. Ne2 Re8 9. O-O a5 10. a3 Qe7 11. h3 Be6 12. Rb1 Rad8 13. Kh2 Nd7 14. f4 exf4 15. Nxf4 Bxb2 16. Rxb2 Nb6 17. Rb1 Bc8 18. e4 dxe4 19. Nxe4 f5 20. Nf2 Qxa3 21.
h4 Qe7 22. N2h3 Ne5 23. Qd2 Ng4+ 24. Kh1 Qe3 25. Qxe3 Nxe3 26. Rf2 Nxg2 27. Kxg2 Nd5 28. Nxd5 Rxd5 29. Nf4 Rde5 30. d4 Re4 31. Rd1 b6 32. d5 Bb7 33. c4 a4 34. Ra2 axb3 35. Ra7 Rb8 36. Rb1 Rxc4 37. Rxb3 Rc5 38. Kf2 Kf7 39. d6 Rc2+ 40. Ke1 cxd6 41. Rxb6 Rc7 42. Rxd6 Re8+ 43.
Kd2 Ree7 44. Nh3 Rcd7 45. Ng5+ Kg7 46. Rxd7 Rxd7+ 47. Ke3 h6 48. Ne6+ Kf6 49. Nc5 Re7+ 50. Kd4 Bf3 51. Ra6+ Kg7 52. Ne6+ Kf7 53. Nf4 Rd7+ 54.
Ke5 g5 55. hxg5 hxg5 56. Rf6+ Kg7 57. Ne6+ Kh7 58. Nxg5+ Kg7 59. Ne6+ Kh7 60. Nf4 Be4 61.
Re6 Rg7 62. Nh5 Rg5 63. Nf6+ Kg7 64. Nxe4 fxe4+ 65. Kf4 Rg6 66. Rxe4 Kf6 67. Ra4 Kg7 68. g4 Rc6 69. Kg5 Rc5+ 70. Kh4 Rc6 71. Kh5 Rc5+ 72. g5 Rc6 73. Ra7+ Kg8 74. Rd7 Rb6 75. Rd5 Rc6 76. Kg4 Rb6 77. Kf5 Kg7 78. Rd7+ Kg8 79. Re7 Kf8 80. Re5 Kg7 81. Rc5 Ra6 82. Rc7+ Kg8 83.
Kg4 Rd6 84. Kh5 Ra6 85. Rb7 Rc6 86. Rb5 Ra6 87. g6 Ra2 88. Rb8+ Kg7 89. Rb7+ Kg8 90. Rb4 Rh2+ 91. Kg5 Rg2+ 92. Rg4 Rxg4+ 93. Kxg4 Kg7 94. Kg5 Kg8 95. Kf6 Kf8 96. Kg5 Kg7 97. Kh5 Kg8 98. Kh6 Kh8 99. Kg5 Kg7 100. Kf5 Kg8 101. Kf6 Kf8 102. g7+ Kg8 103. Ke5 Kxg7 1/2-1/2

[Event "Early-Titled-Tuesday-Blitz-May-07-2024"]
[Site "Chess.com"]
[Date "2024.05.07"]
[Round "11"]
[White "vugarrasulov"]
[Black "Hikaru"]
[Result "1/2-1/2"]
[WhiteElo "2991"]
[BlackElo "3222"]
[TimeControl "180+1"]
[EndTime "10:18:23 PDT"]
[Termination "Game drawn by 50-move rule"]

1. e4 a6 2. g3 e6 3. Bg2 d5 4. d4 dxe4 5. Bxe4 Nf6 6. Bg2 e5 7. Qe2 Qxd4 8. Nf3 Qe4 9. Qxe4 Nxe4 10. Nxe5 Nc5 11. Nc3 c6 12. Be3 Be6 13. O-O-O f6 14. Nf3 Be7 15. Rhe1 Kf7 16. Nd4 Bg4 17. f3 Bc8 18.
Bf1 b5 19. Bf2 Re8 20. f4 Bg4 21. Rd2 Ne6 22. Nb3 Bf5 23. Bg2 Rd8 24. Rde2 Bb4 25. Bf3 Bh3 26. a3 Bf8 27. Bb6 Rc8 28. Na5 b4 29. axb4 Bxb4 30. Re4 Bxc3 31. bxc3 Nd7 32.
Bf2 c5 33. Nb7 Rc6 34. R4e3 Rb6 35. Nd6+ Rxd6 36. Bxa8 Nb6 37. Bf3 Na4 38. Rd3 Rxd3 39. cxd3 Nxc3 40. Kd2 Nb5 41. Bd5 Nc7 42. Bc4 Kg6 43.
Ra1 Nd4 44. Bxd4 cxd4 45. Bxa6 Nd5 46. Bc4 Ne3 47. Ke2 Bg4+ 48. Kf2 Bf5 49. Ra7 h5 50.
Bf7+ Kh6 51. Ra8 g6 52. Rd8 Ng4+ 53. Kg1 Bxd3 54. Rxd4 Bf5 55. Bc4 Ne3 56. Bd3 Bg4 57. Kf2 Nd1+ 58. Ke1 Ne3 59. Rd6 Kg7 60. Be2 Bf5 61.
Kf2 Ng4+ 62. Bxg4 Bxg4 63. Ke3 Kf7 64. Kd4 Ke7 65. Rb6 Bh3 66. Rb7+ Ke6 67. Rg7 Kf5 68.
Kd5 h4 69. Kd4 hxg3 70. hxg3 Bg4 71. Ke3 Bh5 72. Ra7 Bd1 73. Ra5+ Ke6 74. Kf2 Bg4 75. Ke3 Bd1 76. f5+ gxf5 77. Kf4 Bg4 78. Ra7 Bh3 79. Rg7 Bf1 80. Rg8 Bd3 81. Rd8 Bb1 82. Re8+ Kf7 83. Rb8 Bc2 84. Ke3 Kg6 85. Kd4 Ba4 86. Ra8 Bd1 87.
Rg8+ Kf7 88. Rb8 Kg6 89. Kd5 f4 90. gxf4 Kf5 91. Rb4 Bf3+ 92. Kd6 Be4 93. Ke7 Kxf4 94. Kxf6 Ke3 95. Ke5 Bc2 96. Rc4 Kd3 97. Rh4 Kc3 98. Rh3+ Kb2 99. Kd4 Bf5 100. Rg3 Bc2 101. Kc4 Bf5 102. Rg2+ Ka1 103. Kc3 Bb1 104. Rg5 Ba2 105. Ra5 Kb1 106. Rf5 Ka1 107. Rf2 Be6 108. Re2 Ba2 109. Rd2 Bf7 110. Rd1+ Ka2 111. Rd7 Be6 112. Re7 Bd5 113. Re5 Bg8 114.
Rg5 Bf7 115. Rg1 Be6 116. Rg2+ Ka1 117. Rg6 Bf5 118. Rf6 Bb1 119. Rf2 Ba2 120. Kc2 Bb1+ 121. Kb3 Bg6 122. Rg2 Bf7+ 123. Ka3 Kb1 124. Rb2+ Kc1 125. Rf2 Bd5 126. Kb4 Kb1 127. Kc5 Bb3 128. Kd4 Ka1 129. Kc3 Ba2 130. Rb2 Bb1 131. Kb3 Bg6 132. Ra2+ Kb1 133. Rd2 Bf7+ 134. Kc3 Bg6 135. Rg2 Bf5 136. Rf2 Bg6 137. Kb3 Kc1 138. Rf1+ Kd2 139. Rg1 Be4 140. Kc4 Bd3+ 141. Kd4 Bf5 142. Rg2+ Kc1 143. Rf2 Bg6 144. Rf6 1/2-1/2

[Event "Early-Titled-Tuesday-Blitz-May-07-2024"]
[Site "Chess.com"]
[Date "2024.05.07"]
[Round "11"]
[White "djokovic74"]
[Black "lefonghua"]
[Result "1/2-1/2"]
[WhiteElo "2785"]
[BlackElo "2587"]
[TimeControl "180+1"]
[EndTime "10:19:38 PDT"]
[Termination "Game drawn by repetition"]

1. c4 Nf6 2. Nf3 g6 3. g3 Bg7 4. Bg2 O-O 5. O-O d6 6. d4 Nc6 7. Nc3 a6 8. e4 Bg4 9. Be3 Nd7 10.
h3 Bxf3 11. Bxf3 e5 12. Ne2 Qf6 13. Bg2 exd4 14. Bc1 Nc5 15. Nf4 Rfe8 16. Nd5 Qd8 17. Re1 a5 18. Rb1 Nb4 19. a3 Nxd5 20. cxd5 a4 21. Bd2 Qd7 22. Bb4 Nb3 23. h4 c5 24.
dxc6 bxc6 25. h5 c5 26. Bd2 Rac8 27. h6 Bh8 28. Bf4 c4 29. Kh2 d3 30. Bh3 Qc6 31.
Bxc8 Rxc8 32. Bd2 Re8 33. Bc3 Bxc3 34. bxc3 Rxe4 35. Qf3 f5 36. Kg2 d2 37. Red1 d5 38. Rb2 Qe6 39. Rbxd2 Nxd2 40. Rxd2 Kf7 41. Rb2 Qe7 42.
Qd1 Qd7 43. Rb8 d4 44. cxd4 Rxd4 45. Qb1 Qc6+ 46. Kh2 Rd7 47. Qb4 Qd6 48. Qxa4 g5 49. Rb5 Qxh6+ 50. Kg2 Qe6 51. Qa5 Kg6 52. Rb6 Rd6 53.
Rb7 Qd5+ 54. Qxd5 Rxd5 55. Rc7 Rd4 56. a4 c3 57. a5 Ra4 58. Rc6+ Kg7 59. Rxc3 Rxa5 60.
Rc7+ Kg6 61. Rc6+ Kh5 62. Rc7 h6 63. Rc6 g4 64. Rf6 Kg5 65. Rf8 Ra6 66. Rg8+ Rg6 67. Rh8 h5 68. Rh7 Kf6 69. Rxh5 Ke5 70. Kg1 Ke4 71. Kg2 Rd6 72. Rh8 Rd5 73. Re8+ Re5 74. Ra8 Rd5 75. Ra4+ Rd4 76. Ra5 Rd5 77. Ra3 Kd4 78.
Re3 Re5 79. Ra3 Re2 80. Ra4+ Ke5 81. Ra8 Kf6 82. Rf8+ Kg6 83. Ra8 Re6 84. Ra5 Kg5 85.
Rb5 Rd6 86. Ra5 Re6 87. Kf1 Kf6 88. Rb5 Rd6 89. Ke2 Ke6 90. Ke3 Rc6 91. Ra5 Rc3+ 92. Ke2 Kf6 93. Kf1 Rd3 94. Rb5 Ke6 95. Kg2 Rd5 96.
Rb6+ Ke5 97. Rb4 Rd4 98. Rb5+ Ke4 99. Rb8 Rd5 100. Re8+ Re5 101. Rf8 Re6 102. Kf1 Ke5 103. Ke2 Kd6+ 104. Kd3 Ke5 105. Ke3 Rb6 106. Re8+ Kf6 107. Ra8 Rb3+ 108. Ke2 Rb7 109. Ra6+ Kg5 110. Ra5 Re7+ 111. Kf1 Re6 112. Kg2 Rf6 113. Rb5 Kg6 114. Re5 f4 115. gxf4 Rxf4 116. Kg3 Rb4 117. Ra5 Kf6 118. Rc5 Rd4 119. Ra5 Rb4 120. Ra6+ Kf5 121. Ra5+ Kg6 122. Ra8 Rb6 123. Rg8+ Kf7 124. Rxg4 Rb3+ 125. f3 Rb6 126. Re4 Kg7 127. Kg4 Kf7 128. Kf5 Rb5+ 129. Kg4 Rb6 130. Ra4 Kg7 131. f4 Kf7 132. Ra5 Kg7 133. Kf5 Kf7 134. Re5 Ra6 135. Rd5 Rb6 136. Ke5 Ra6 137. Rb5 Rc6 138. Kf5 Ra6 139. Rb7+ Kf8 140. Kg5 Rc6 141. Rd7 Ra6 142. Rc7 Rb6 143. Kf5 Ra6 144. Ke5 Rb6 145. Rd7 Ra6 146. Rd6 Rxd6 147. Kxd6 Kf7 148. Kd5 Kf6 149. Ke4 Ke6 150. f5+ Kf6 151. Kf4 Kf7 152. Ke5 Ke7 153. f6+ Kf7 154. Kf5 Kf8 155. Ke6 Ke8 156. Ke5 Kf7 157. Kf5 Kf8 158. Kg5 Kf7 159. Kf5 1/2-1/2